 Dungeon Crawl Stone Soup version 0.21-a0-404-g291f19a (webtiles) character file.

81 exp172 the Insei (level 4, -2/35 HPs)
             Began as a Draconian Transmuter on Oct 31, 2017.
             Slain by Crazy Yiuf
             ... wielding a +3 quarterstaff of chaos
              (6 damage)
             ... on level 2 of the Dungeon.
             The game lasted 00:14:28 (1512 turns).

exp172 the Insei (Draconian Transmuter)             Turns: 1512, Time: 00:14:29

Health: -2/35      AC:  6    Str: 12    XL:     4   Next: 19%
Magic:  7/7        EV: 12    Int: 14    God:
Gold:   39         SH:  0    Dex: 12    Spells: 4/7 levels left

rFire    . . .     SeeInvis .   p - +0 hunting sling
rCold    . . .     Gourm    .   (no shield)
rNeg     . . .     Faith    .   (armour unavailable)
rPois    .         Spirit   .   (helmet restricted)
rElec    .         Reflect  .   (no cloak)
rCorr    .         Harm     .   g - +0 pair of gloves
MR       .....                  (no boots)
Stlth    +.........             (no amulet)
HPRegen  0.11/turn              (no ring)
MPRegen  0.10/turn              (no ring)

@: slowed, very slow
A: unfitting armour, cold-blooded, AC +5
a: no special abilities


You were on level 2 of the Dungeon.
You were not hungry.

You visited 1 branch of the dungeon, and saw 2 of its levels.

You collected 39 gold pieces.

Inventory:

Hand Weapons
 p - a +0 hunting sling (weapon)
 r - a +0 great sword
Missiles
 a - 12 arrows
 h - 16 bolts
 i - 66 stones (quivered)
 m - 11 poisoned needles
Armour
 g - a +0 pair of gloves (worn)
 j - a +0 leather armour of fire resistance
Scrolls
 d - 2 scrolls of remove curse {unknown}
 e - 2 scrolls of noise {unknown}
 l - 2 scrolls of fog {unknown}
 o - a scroll of magic mapping {unknown}
 q - a scroll of immolation {unknown}
Potions
 k - a potion of cancellation {unknown}
Books
 b - a book of Changes

   Spells                             Type                      Level
   a - Beastly Appendage              Transmutation                1
   b - Sticks to Snakes               Transmutation                2
   c - Spider Form                    Transmutation/Poison         3
   d - Ice Form                       Ice/Transmutation            4
   e - Blade Hands                    Transmutation                5
Comestibles
 c - a bread ration
 f - 2 meat rations
 n - 3 fruits


   Skills:
 + Level 1.1 Fighting
 + Level 1.7 Slings
 + Level 2.2 Dodging
 + Level 0.1 Stealth
 + Level 3.6 Unarmed Combat
 + Level 2.1 Spellcasting
 * Level 2.6 Transmutations


You had 4 spell levels left.
You knew the following spells:

 Your Spells              Type           Power        Failure   Level  Hunger
a - Beastly Appendage     Tmut           #.....       8%          1    #......
b - Sticks to Snakes      Tmut           #.......     12%         2    ###....


Dungeon Overview and Level Annotations

Branches:
Dungeon (2/15)

Altars:

Annotations:
D:2 Crazy Yiuf


Innate Abilities, Weirdness & Mutations

Your plain brown scales are hard. (AC +5)
You cannot fit into any form of body armour.
You are cold-blooded and may be slowed by cold attacks.


Message History

Crazy Yiuf hits you with a quarterstaff of chaos!
You feel yourself slow down. Crazy Yiuf freezes you.
* * * LOW HITPOINT WARNING * * *
Firing (i - inventory):
i - 68 stones (quivered)
Press: ? - help, Shift-Dir - straight line, f/p - Crazy Yiuf
Aim: Crazy Yiuf, wielding a quarterstaff of chaos and wearing a cloak (lightly wounded)
You shoot a stone. The stone hits Crazy Yiuf.
Crazy Yiuf is heavily wounded.
Crazy Yiuf barely misses you.
Crazy Yiuf hits you with a quarterstaff of chaos.
* * * LOW HITPOINT WARNING * * *
You feel as though you will be slow longer.
Crazy Yiuf freezes you.
* * * LOW HITPOINT WARNING * * *
Firing (i - inventory):
i - 67 stones (quivered)
Press: ? - help, Shift-Dir - straight line, f/p - Crazy Yiuf
Aim: Crazy Yiuf, wielding a quarterstaff of chaos and wearing a cloak (heavily wounded)
You shoot a stone. The stone barely misses Crazy Yiuf.
Crazy Yiuf hits you with a quarterstaff of chaos.
You die...

###.......##
#.........†.
#...........
#####
#...####.#..
#)(.#
###.......<.
#.(.#
######.#.#
... #...#
#g# #####
♣@♣♣ #####
♣♣.♣ #....
♣.♣♣ #....
♣♣.♣ #####
#.... ♣♣.♣♣
#...###....
♣♣)).♣
##..........
♣))))♣
#....#######
#))))#
##.#.# #####
#))))# #.#.#
#....


You could see Crazy Yiuf.

Vanquished Creatures
  4 gnolls (D:2)
  An adder (D:2)
  7 bats
  3 giant cockroaches (D:1)
  4 goblins
  5 hobgoblins
  2 quokkas (D:2)
  A frilled lizard (D:2)
  5 kobolds
  2 rats
34 creatures vanquished.

Notes
Turn   | Place    | Note
-------+----------+-------------------------------------------
     0 | D:1      | exp172 the Draconian Transmuter began the quest for the Orb.
     0 | D:1      | Reached XP level 1. HP: 16/16 MP: 3/3
   361 | D:1      | Reached XP level 2. HP: 23/23 MP: 5/5
   770 | D:1      | Learned a level 2 spell: Sticks to Snakes
  1262 | D:2      | Reached XP level 3. HP: 26/28 MP: 6/6
  1344 | D:2      | Reached skill level 1 in Slings
  1384 | D:2      | Reached XP level 4. HP: 25/35 MP: 7/7
  1497 | D:2      | Found a runed door.
  1501 | D:2      | Noticed Crazy Yiuf
  1512 | D:2      | Slain by Crazy Yiuf

Vault maps used:
D:1:      roderic_dead_forest
D:2:      uniq_crazy_yiuf_cottage

Skill      XL: |  1  2  3 |
---------------+----------+-----
Dodging        | 2 |  2.2
Slings         | 1 |  1.7
Fighting       | |  1.1
Stealth        | |  0.1
Unarmed Combat | |  3.6
Spellcasting   | |  2.1
Transmutations | |  2.6

Action                   |  1- 3 |  4- 6 || total
-------------------------+-------+-------++-------
Melee: Unarmed           |    72 |       ||    72
       Tailslap          |     6 |       ||     6
       Headbutt          |     1 |       ||     1
       Punch             |     1 |       ||     1
       Hunting sling     |     2 |       ||     2
 Fire: Hunting sling     |    55 |    21 ||    76
Throw: Stone             |     2 |       ||     2
 Cast: Beastly Appendage |     4 |       ||     4
  Eat: Bread ration      |     1 |       ||     1
Armor: Skin              |    46 |     5 ||    51
Dodge: Dodged            |    78 |     9 ||    87

Table legend:
 A = Spawn XP
 B = Non-spawn XP
 C = Spawn XP percentage of total XP
 D = Spawn monster count
 E = Non-spawn monster count
 F = Spawn count percentage of total count
 G = Total turns spent on level
                    A         B        C        D         E        F      G
               +---------+---------+-------+---------+---------+-------+---------
         Total |       0 |     116 |   0.0 |       0 |      34 |   0.0 |  1512
               +---------+---------+-------+---------+---------+-------+---------
           D:1 |       0 |      29 |   0.0 |       0 |      17 |   0.0 |  1022
           D:2 |       0 |      87 |   0.0 |       0 |      17 |   0.0 |   490
               +---------+---------+-------+---------+---------+-------+---------
